 Dungeon Crawl Stone Soup version 0.30.1-4-g462c640d31 (webtiles) character file.

Game seed: 2064357821634534381

82 Kranky the Charlatan (level 4, -3/34 HPs)
             Began as a Demonspawn Wanderer on Sept 8, 2023.
             Slain by Terence
             ... wielding a +0 flail
              (11 damage)
             ... on level 3 of the Dungeon.
             The game lasted 00:05:46 (3077 turns).

Kranky the Charlatan (Demonspawn Wanderer)          Turns: 3077, Time: 00:05:47

Health: -3/34      AC:  8    Str: 13    XL:     4   Next: 21%
Magic:  5/5        EV:  6    Int: 14    God:
Gold:   141        SH:  4    Dex: 15    Spells: 5/5 levels left

rFire   . . .        o - +0 spear
rCold   . . .        m - +0 buckler
rNeg    . . .        g - +0 chain mail
rPois   +            (no helmet)
rElec   .            x - scarf {shadows}
rCorr   .            (no gloves)
SInv    .            (no boots)
Will    .....        j - amulet of magic regeneration Stlth
                     A - ring of poison resistance
HPRegen 0.25/turn    e - ring of flight
MPRegen 0.49/turn

%: no passive effects
@: flying
A: thin skeletal structure 1, powered by pain 2
a: no special abilities


You were on level 3 of the Dungeon.
You visited 1 branch of the dungeon, and saw 3 of its levels.

You collected 141 gold pieces.

Inventory:

Hand Weapons
 a - a +0 dagger
 o - a +0 spear (weapon)
Armour
 c - a +0 robe
 g - a +0 chain mail (worn)
 m - a +0 buckler (worn)
 n - a +0 cloak
 x - a scarf of shadows (worn)
Jewellery
 e - a ring of flight (right hand)
 j - an amulet of magic regeneration (around neck)
 A - a ring of poison resistance (left hand)
Wands
 v - a wand of iceblast (11)
 y - a wand of polymorph (9)
Scrolls
 f - 2 scrolls of identify {unknown}
 h - 3 scrolls of amnesia {unknown}
 i - a scroll of magic mapping {unknown}
 l - 3 scrolls of enchant armour {unknown}
 r - a scroll of fog {unknown}
 t - a scroll of vulnerability {unknown}
 u - a scroll of enchant weapon {unknown}
 z - a scroll of noise {unknown}
 B - a scroll of immolation {unknown}
Potions
 b - a potion of haste
 k - 2 potions of heal wounds {unknown}
 p - 3 potions of attraction {unknown}
 q - a potion of curing {unknown}
 s - a potion of resistance {unknown}
 w - a potion of cancellation {unknown}
Miscellaneous
 d - a piece from Xom's chessboard (15/15) (quivered)


   Skills:
 + Level 2.3 Fighting
 + Level 0.3 Polearms
 - Level 1.0 Throwing
 + Level 1.2 Armour
 - Level 0.7 Dodging
 + Level 1.3 Stealth
 + Level 1.1 Shields
 - Level 1.0 Spellcasting
 - Level 2.0 Summonings
 - Level 1.0 Earth Magic
 - Level 4.0 Evocations


You had 5 spell levels left.
You didn't know any spells.
Your spell library contained the following spells:

 Spells                   Type           Power      Damage    Failure   Level
 Summon Small Mammal      Summ           24%        N/A       98%         1
 Sandblast                Erth           6%         2d5       99%         1
 Call Imp                 Summ           12%        N/A       99%         2
 Kiss of Death            Conj/Necr      0%         2d5       100%        1
 Confusing Touch          Hex            0%         N/A       100%        3
 Stone Arrow              Conj/Erth      4%         3d7       100%        3
 Dispel Undead            Necr           0%         3d6       100%        4
 Summon Ice Beast         Ice/Summ       3%         N/A       100%        4


Dungeon Overview and Level Annotations

Branches:
Dungeon (3/15)

Altars:

Annotations:
D:3 Grinder, Sigmund, Terence


Innate Abilities, Weirdness & Mutations

You have a somewhat thin skeletal structure. (Dex +2, Stealth+)
You sometimes gain power by taking damage.


Message History

* * * LOW HITPOINT WARNING * * *
Terence zaps a wand.
The puff of flame hits you.
* * * LOW HITPOINT WARNING * * *
The now-empty wand crumbles to dust.
There is a stone staircase leading up here.
You fly upwards.
There is a stone staircase leading down here.
You start resting.
HP restored.
Sorry, you're not good enough to have a special ability.
You fly downwards.
Level annotation: Grinder, Sigmund, Terence Terence hits you with a +0 flail.
There is a stone staircase leading up here.
You hit Terence but do no damage. Terence barely misses you.
You hit Terence but do no damage. Terence barely misses you. x2
You barely miss Terence. Terence hits you with a +0 flail.
You hit Terence but do no damage. Terence barely misses you.
You hit Terence but do no damage. Terence closely misses you.
You closely miss Terence. Terence hits you with a +0 flail.
You hit Terence.
Terence is lightly wounded.
Terence hits you with a +0 flail.
You hit Terence.
Terence is heavily wounded.
Terence hits you with a +0 flail.
You hit Terence.
Terence is heavily wounded.
Terence closely misses you.
You barely miss Terence.
Terence is heavily wounded.
You block Terence's attack.
You hit Terence.
Terence is heavily wounded.
Terence hits you with a +0 flail. Terence hits you with a +0 flail!
* * * LOW HITPOINT WARNING * * *
You closely miss Terence.
Terence is heavily wounded.
Terence hits you with a +0 flail!
You die...

# # ######## #
#####......# # #.......#.#
.######## # #.#...#.#.# .#
......... #####
#.#.#.....##.# ..######.
....####.#.#.#.#.##.####
.......)
................@......>
#######.
....####.#...#.#@.#.###.
..#. ....#
#.#..##.#.##.###.# #.#.
....# #.#...#.#........#
#.#. #####
#.#...#...#..###.# #.#.
...# .................#
#.#. ...###
.....##...#.####.######.#.
......
...............#.#......#.
######
######......##.#.#.####.#.


You could see Terence.

Vanquished Creatures
  5 adders
  A worm (D:2)
  An orc (D:3)
  A giant cockroach (D:1)
  6 goblins
  3 hobgoblins
  2 jackals (D:1)
  A quokka (D:1)
  8 bats
  4 frilled lizards
  4 kobolds
  4 rats
40 creatures vanquished.

Notes
Turn   | Place    | Note
-------+----------+-------------------------------------------
     0 | D:1      | Kranky the Demonspawn Wanderer began the quest for the Orb.
     0 | D:1      | Kranky set off with the following items: a +0 dagger, a
                  | potion of haste, a +0 robe, a piece from Xom's chessboard
                  | (15/15); and the following spells available to memorise:
                  | Summon Small Mammal, Sandblast, Call Imp, Stone Arrow,
                  | Summon Ice Beast.
     0 | D:1      | Reached XP level 1. HP: 15/15 MP: 2/2
   289 | D:1      | Gained mutation: You have a somewhat thin skeletal
                  | structure. (Dex +2, Stealth+) [demonic ancestry]
   289 | D:1      | Reached XP level 2. HP: 21/21 MP: 3/3
  1508 | D:2      | Gained mutation: You sometimes gain a little power by
                  | taking damage. [demonic ancestry]
  1508 | D:2      | Reached XP level 3. HP: 27/27 MP: 4/4
  1783 | D:2      | Reached skill level 1 in Armour
  1783 | D:2      | Reached skill level 1 in Stealth
  2143 | D:3      | Reached skill level 1 in Shields
  2261 | D:3      | Noticed Sigmund
  2480 | D:3      | Gained mutation: You sometimes gain power by taking damage.
                  | [demonic ancestry]
  2480 | D:3      | Reached XP level 4. HP: 18/33 MP: 5/5
  2532 | D:3      | Noticed Grinder
  2895 | D:3      | Noticed Terence
  3077 | D:3      | Slain by Terence

Illustrated notes

Levels and vault maps discovered:
D:1:      dpeg_arrival_simpleton_b, layout_basic, serial_bayou_lagoon_a
D:2:      layout_loops_ring
D:3:      layout_basic, uniq_grinder, uniq_sigmund, uniq_terence

Skill      XL: |  1  2  3 |
---------------+----------+-----
Fighting       | 2 |  2.3
Armour         | 1 |  1.2
Stealth        | 1 |  1.3
Shields        | 1 |  1.1
Polearms       | |  0.3
Throwing       | |  1.0
Dodging        | |  0.7
Spellcasting   | |  1.0
Summonings     | |  2.0
Earth Magic    | |  1.0
Evocations     | |  4.0

Action                     |  1- 3 |  4- 6 || total
---------------------------+-------+-------++-------
  Melee: Dagger            |    61 |       ||    61
         Spear             |   128 |    42 ||   170
 Armour: Chain mail        |   128 |    24 ||   152
         Robe              |     2 |       ||     2
  Dodge: Dodged            |    57 |    19 ||    76
  Block: Buckler           |    19 |     8 ||    27
